 Dungeon Crawl Stone Soup version 0.28.0-53-g5a82cb258f (webtiles) character file.

Game seed: 6520769776770940639

336 PrismaticFulminator the Magician (level 6, 0/40 HPs)
             Began as a Djinni Conjurer on June 20, 2022.
             Was an Initiate of Ru.
             Slain by a kobold
             ... wielding a +0 dagger
              (1 damage)
             ... on level 4 of the Dungeon on June 21, 2022.
             The game lasted 00:32:53 (7338 turns).

PrismaticFulminator the Magician (Djinni Conjurer)  Turns: 7338, Time: 00:32:53

Health: 0/40       AC:  3    Str:  6    XL:     6   Next: 84%
Gold:   134        EV: 12    Int: 21    God:    Ru [......] SH:  0 Dex: 12

rFire   + + .      SeeInvis .   (no weapon)
rCold   x . .      Faith    .   (no shield)
rNeg    . . .      Spirit   .   a - +0 robe
rPois   ∞          Reflect  .   (no helmet)
rElec   .          Harm     .   (no cloak)
rCorr   +          Rampage  .   d - +0 pair of gloves
Will    .....                   (boots unavailable)
Stlth   ++........              (no amulet)
HPRegen 0.13/turn               e - ring of resist corrosion
MPRegen 0.00/turn               (no ring)

@: flying, very slightly contaminated, slowed, very slow
A: sickness immunity, fire resistance 2, cold vulnerability 1, float, innate
caster, HP casting, extra vitality 1
a: Renounce Religion


You were on level 4 of the Dungeon.
You worshipped Ru.
Ru was noncommittal.
You visited 1 branch of the dungeon, and saw 4 of its levels.

You collected 134 gold pieces.

Inventory:

Armour
 a - a +0 robe (worn)
 d - a +0 pair of gloves (worn)
 q - a +0 ring mail
Jewellery
 e - a ring of resist corrosion (left hand)
 k - a ring of protection from cold
Scrolls
 g - 2 scrolls of magic mapping
 h - a scroll of summoning {unknown}
 m - a scroll of torment {unknown}
 n - a scroll of vulnerability {unknown}
 p - a scroll of fog
Potions
 b - a potion of brilliance
 i - a potion of heal wounds {unknown}
 j - a potion of haste
 l - 2 potions of curing {unknown}
 o - 2 potions of might
 r - a potion of degeneration {unknown}


   Skills:
 + Level 0.1 Fighting
 - Level 2.1 Dodging
 + Level 1.6 Stealth
 * Level 5.9 Spellcasting


You couldn't memorise any spells.
You knew the following spells:

 Your Spells              Type           Power      Damage    Failure   Level
a - Fulminant Prism       Conj/Hex       15%        3d11      9%          4
b - Magic Dart            Conj           100%       1d8       1%          1
c - Dazzling Flash        Conj/Hex       62%        N/A       2%          3
d - Searing Ray           Conj           62%        2d6       1%          2
e - Iskenderun's Mystic   Conj/Tloc      31%        2d8       9%          4
f - Foxfire               Conj/Fire      100%       2x1d9     1%          1
g - Poisonous Vapours     Pois/Air       62%        N/A       1%          2
Your spell library was empty.

Dungeon Overview and Level Annotations

Branches:
Dungeon (4/15)
 Temple: D:4-7

Altars:
Qazlal
Ru
The Shining One

Annotations:
D:2 1 runed translucent door, Crazy Yiuf
D:3 exclusion: 3 downstairs
D:4 Duvessa, Sigmund


Innate Abilities, Weirdness & Mutations

You are immune to sickness and miasma.
You are immune to poison.
Your flesh is very heat resistant. (rF++)
You are vulnerable to cold. (rC-)
You float through the air rather than walking.
You learn spells naturally, not from books.
Your magical power is your life essence.
You have superior vitality. (+4 MHP)


Message History

Nothing appears to happen.
Casting: Fulminant Prism (quite dangerous; 9% risk of failure)
Confirm with . or Enter, or press ? or * to list all spells.
The spell is quite dangerous to miscast (9% risk of failure)!
Continue anyway?
Aiming: Fulminant Prism (quite dangerous; 9% risk of failure)
Press: ? - help, Dir - move target You feel a surge of power!
You miscast Fulminant Prism.
You feel a strange surge of energy.
Your magical effects are unravelling.
You feel yourself slow down.
You feel a little less clever now. The gnoll hits you with a +0 flail.
Okay, then.
Okay, then.
Unknown command.
Okay, then.
The gnoll shouts!
The kobold hits you with a +0 dagger. x2
The gnoll hits you from afar with a +0 spear.
You hear a shout!
As you read the scroll labelled ACROLA KASSOEXIC, it crumbles to dust.
It is a scroll of brand weapon.
You aren't carrying any weapons that can be branded.
The gnoll hits you with a +0 flail.
The gnoll hits you from afar with a +0 spear.
The kobold hits you but does no damage. The yak gores you.
* * * LOW HITPOINT WARNING * * *
The gnoll hits you with a +0 flail.
* * * LOW HITPOINT WARNING * * *
You hear a shout!
As you read the scroll labelled KINEETS JUFEFE, it crumbles to dust.
The creatures around you are filled with an inner flame!
It was a scroll of immolation.
The gnoll hits you from afar with a +0 spear.
* * * LOW HITPOINT WARNING * * *
The kobold closely misses you. The yak closely misses you.
The gnoll hits you with a +0 flail.
* * * LOW HITPOINT WARNING * * *
The kobold hits you with a +0 dagger.
You die...

.....##................#
. #......Y#....≈.≈.#
..#...#..#....≈⌠≈.#
..##....#.......≈..#
#.#................#
................###
.....#gg.......#
....##YK......## ..>
#.@g##....# #..#####..#
#### ###


You could see 2 yaks, 3 gnolls and a kobold (inner flame).

Vanquished Creatures
  A scorpion (D:3)
  Dowan (D:4)
  An iguana (D:4)
  4 gnolls
  7 adders
  2 worms
  3 dart slugs
  6 orcs
  7 ball pythons
  9 endoplasms
  5 giant cockroaches
  6 goblins
  5 hobgoblins
  3 jackals (D:3)
  6 kobolds
  4 quokkas
  7 bats
  3 frilled lizards (D:3)
  9 rats
89 creatures vanquished.

Vanquished Creatures (others)
  71 fulminant prisms
71 creatures vanquished.

Grand Total: 160 creatures vanquished

Notes
Turn   | Place    | Note
-------+----------+-------------------------------------------
     0 | D:1      | PrismaticFulminator the Djinni Conjurer began the quest for
                  | the Orb.
     0 | D:1      | Reached XP level 1. HP: 15/15 MP: 0/0
   187 | D:1      | Reached XP level 2. HP: 8/21 MP: 0/0
   900 | D:1      | Reached XP level 3. HP: 21/25 MP: 0/0
   900 | D:1      | Learned a level 1 spell: Foxfire
  1081 | D:1      | Reached skill level 4 in Spellcasting
  1586 | D:2      | Reached XP level 4. HP: 27/31 MP: 0/0
  1753 | D:2      | Found a faded altar of an unknown god.
  2031 | D:2      | Found a runed translucent door.
  2032 | D:2      | Noticed Crazy Yiuf
  3495 | D:3      | Noticed a scorpion
  3946 | D:3      | Reached XP level 5. HP: 27/35 MP: 0/0
  3946 | D:3      | Learned a level 2 spell: Poisonous Vapours
  5136 | D:3      | Reached skill level 5 in Spellcasting
  5143 | D:3      | Reached XP level 6. HP: 28/40 MP: 0/0
  5681 | D:3      | Found a sacrificial altar of Ru.
  5689 | D:3      | Became a worshipper of Ru the Awakened
  5735 | D:3      | Found a stormy altar of Qazlal.
  6234 | D:3      | Found a glowing golden altar of the Shining One.
  6361 | D:4      | Noticed a yak
  6361 | D:4      | Noticed a yak
  6361 | D:4      | Noticed a yak
  6361 | D:4      | Noticed a yak
  6362 | D:4      | Noticed a yak
  6362 | D:4      | Noticed a yak
  6488 | D:4      | Noticed Dowan
  6494 | D:4      | Killed Dowan
  6807 | D:4      | Noticed Sigmund
  7178 | D:4      | Noticed Duvessa
  7338 | D:4      | HP: 1/40 [gnoll/+0 flail (6)]
  7338 | D:4      | Slain by a kobold

Illustrated notes

Levels and vault maps discovered:
D:1:      dpeg_arrival_rooms_with_view, layout_rooms
D:2:      layout_basic, shapermc_ecumenical_altar_mp_urbaneastern,
          nicolae_figureground_pulse, uniq_crazy_yiuf_cottage
D:3:      layout_loops_ring, nicolae_ru_path_of_blood,
          mainiacjoe_overflow_catch_the_wave, minmay_misc_feat_rugged,
          minmay_joined_circles
D:4:      layout_cave_pools, corexii_leaking_fountain, nicolae_shop_fire_sale
          [nicolae_sub_dead_trees], uniq_duvessa, uniq_sigmund

Skill      XL: |  1  2  3  4  5 |
---------------+----------------+-----
Spellcasting   | 4 5 |  5.9
Fighting       | |  0.1
Dodging        | |  2.1
Stealth        | |  1.6

Action                   |  1- 3 |  4- 6 || total
-------------------------+-------+-------++-------
 Cast: Magic Dart        |    63 |     1 ||    64
       Fulminant Prism   |       |    72 ||    72
  Use: Scroll            |     1 |     7 ||     8
       Potion            |       |     1 ||     1
Armor: Robe              |     1 |    24 ||    25
Dodge: Dodged            |     6 |    33 ||    39
